 Dungeon Crawl Stone Soup version 0.29.1-2-gbd0b4ee654 (webtiles) character file.

Game seed: 2731510359550298149

123 hilljack the Ruffian (level 4, -4/38 HPs)
             Began as a Minotaur Transmuter on Nov 15, 2022.
             Slain by a gnoll
             ... wielding a +2 flail of protection
              (8 damage)
             ... on level 3 of the Dungeon.
             The game lasted 00:03:39 (2738 turns).

hilljack the Ruffian (Minotaur Transmuter)          Turns: 2738, Time: 00:03:40

Health: -4/38      AC:  2    Str: 14    XL:     4   Next: 80%
Magic:  5/5        EV: 12    Int: 12    God:
Gold:   185        SH:  0    Dex: 11    Spells: 4/5 levels left

rFire   . . .      SeeInvis .     - Unarmed
rCold   . . .      Faith    .   (no shield)
rNeg    . . .      Spirit   .   a - +0 robe
rPois   .          Reflect  .   (helmet restricted)
rElec   .          Harm     .   (no cloak)
rCorr   .          Rampage  .   (no gloves)
Will    .....                   (no boots)
Stlth   +.........              (no amulet)
HPRegen 0.12/turn               (no ring)
MPRegen 0.09/turn               (no ring)

@: no status effects
A: horns 2, retaliatory headbutt
a: no special abilities


You were on level 3 of the Dungeon.
You visited 1 branch of the dungeon, and saw 3 of its levels.

You collected 185 gold pieces.

Inventory:

Armour
 a - a +0 robe (worn)
Wands
 n - a wand of mindburst (8)
Scrolls
 c - a scroll of poison {unknown}
 d - 2 scrolls of immolation
 e - a scroll of butterflies {unknown}
 f - a scroll of identify {unknown}
 i - a scroll of fear {unknown}
 j - a scroll of magic mapping {unknown}
 l - a scroll of teleportation {unknown}
 m - a scroll of summoning {unknown}
Potions
 b - a potion of lignification
 g - 2 potions of heal wounds {unknown}
 h - a potion of brilliance {unknown}
 k - 3 potions of curing {unknown}


   Skills:
 + Level 3.2 Fighting
 - Level 2.1 Dodging
 * Level 5.4 Unarmed Combat
 - Level 1.3 Spellcasting
 - Level 1.5 Transmutations


You had 4 spell levels left.
You knew the following spells:

 Your Spells              Type           Power      Damage    Failure   Level
a - Beastly Appendage     Tmut           8%         N/A       16%         1

Your spell library contained the following spells:

 Spells                   Type           Power      Damage    Failure   Level
 Wereblood                Tmut           4%         N/A       24%         2
 Scorch                   Fire           0%         2d5       41%         2
 Spider Form              Tmut/Pois      2%         N/A       54%         3
 Ice Form                 Ice/Tmut       2%         N/A       91%         4
 Flame Wave               Conj/Fire      0%         2d4       96%         4
 Summon Cactus Giant      Summ           0%         N/A       100%        6


Dungeon Overview and Level Annotations

Branches:
Dungeon (3/15) Zot: 15272

Altars:
Ru


Innate Abilities, Weirdness & Mutations

You have a pair of horns on your head.
You reflexively headbutt those who attack you in melee.


Message History

You kill the jackal!
The gnoll hits you with a +0 spear!
You see here a jackal corpse.
You hit the gnoll but do no damage. You headbutt the gnoll.
The gnoll is lightly wounded.
The gnoll hits you with a +0 spear.
You hit the gnoll.
The gnoll is heavily wounded.
The gnoll hits you with a +0 spear.
You closely miss the gnoll.
The gnoll is heavily wounded.
The gnoll barely misses you.
You closely miss the gnoll. You punch the gnoll.
The gnoll is severely wounded.
The gnoll misses you. You furiously retaliate!
You headbutt the gnoll!
You kill the gnoll!
A gnoll comes into view. It is wielding a +0 flail.
The gnoll shouts!
The gnoll barely misses you.
An orc comes into view. It is wielding a +0 short sword.
You see here a +0 spear.
You hit the gnoll.
The gnoll is moderately wounded.
The gnoll hits you with a +2 flail of protection.
* * * LOW HITPOINT WARNING * * *
You barely miss the gnoll.
The gnoll is moderately wounded.
The gnoll misses you.
You closely miss the gnoll. You headbutt the gnoll.
The gnoll is heavily wounded.
The gnoll closely misses you. You furiously retaliate!
You headbutt the gnoll. You closely miss the gnoll.
You headbutt the gnoll, but do no damage.
The gnoll is heavily wounded.
The gnoll hits you with a +2 flail of protection.
* * * LOW HITPOINT WARNING * * *
You hit the gnoll.
The gnoll is severely wounded.
The gnoll hits you with a +2 flail of protection!
You die...

...............#gOo#≈~...
...~~~~~≈g~~≈~~#####≈≈...
...~≈≈≈≈≈≈≈≈≈≈≈≈≈≈≈≈≈~...
...≈~~~~~≈~≈~~~~~~≈~~~...
.............)......P....
........).(..÷....÷..)...
.....<...###############.
########g# #. #@# ## #†#
# #.# #+# ####
########... #........##
#.......... #.........#


You could see 2 gnolls.

Vanquished Creatures
  A hound (D:3)
  A gnoll (D:3)
  2 worms
  2 dart slugs
  5 orcs (D:3)
  2 bats
  5 endoplasms
  6 giant cockroaches
  3 goblins
  6 hobgoblins
  10 jackals
  6 quokkas
  3 ball pythons
  2 frilled lizards
  2 kobolds (D:1)
  7 rats
63 creatures vanquished.

Notes
Turn   | Place    | Note
-------+----------+-------------------------------------------
     0 | D:1      | hilljack the Minotaur Transmuter began the quest for the
                  | Orb.
     0 | D:1      | Reached XP level 1. HP: 16/16 MP: 1/1
    18 | D:1      | Found a faded altar of an unknown god.
   299 | D:1      | Reached XP level 2. HP: 14/24 MP: 3/3
   766 | D:1      | Reached skill level 4 in Unarmed Combat
   790 | D:1      | Prayed at the altar of an unknown god.
   790 | D:1      | Became a worshipper of Ru the Awakened
   802 | D:1      | Fell from the grace of Ru
  1289 | D:2      | Reached XP level 3. HP: 29/29 MP: 4/4
  1692 | D:2      | Found a sacrificial altar of Ru.
  1989 | D:3      | Reached XP level 4. HP: 31/37 MP: 5/5
  2454 | D:3      | Reached skill level 5 in Unarmed Combat
  2695 | D:3      | Noticed an ogre
  2738 | D:3      | Slain by a gnoll

Illustrated notes

Levels and vault maps discovered:
D:1:      ebering_hopf_link, layout_loops_ring,
          hellmonk_ecumenical_altar_blasted, corexii_hall_statues_x,
          nrook_campfire, kennysheep_pointless_box
D:2:      layout_rooms, basic_altar, minmay_box_of_dots
D:3:      lemuel_castle_with_subvaults [lemuel_castle_interior_carwin_3],
          layout_basic, serial_shops, shop, serial_bayou_pond_e

Skill      XL: |  1  2  3  4 |
---------------+-------------+-----
Fighting       | 2 3 |  3.2
Unarmed Combat | 4 5 |  5.4
Dodging        | |  2.1
Spellcasting   | |  1.3
Transmutations | |  1.5

Action                   |  1- 3 |  4- 6 || total
-------------------------+-------+-------++-------
Melee: Unarmed           |   101 |    46 ||   147
       Headbutt          |    21 |     9 ||    30
       Punch             |     4 |     3 ||     7
Invok: Renounce Religion |     1 |       ||     1
Armor: Robe              |    14 |     6 ||    20
Dodge: Dodged            |    51 |    47 ||    98
